 Dungeon Crawl Stone Soup version 0.31.0-11-ge490571c62 (webtiles) character file.

Game seed: 11449859451434644024

2235306 shadowrider38 the Cryomancer (level 27, 128/190 HPs)
             Began as a Human Conjurer on Jan 27, 2024.
             Was an Initiate of Gozag.
             Escaped with the Orb
             ... and 5 runes on Jan 29, 2024!
             The game lasted 03:31:50 (118695 turns).

shadowrider38 the Cryomancer (Human Conjurer)     Turns: 118695, Time: 03:31:51

Health: 128/190    AC: 15    Str: 14    XL:     27
Magic:  36/40      EV: 17    Int: 41    God:    Gozag
Gold:   5306       SH: 22    Dex: 20    Spells: 0/52 levels left

rFire   + + +        a - staff "Titahi" {rPois Int+5 Air Alchemy}
rCold   + + .        k - +2 shield of Resistance {rF++ rC++ Will++}
rNeg    . . .        h - +2 robe of Devotion {rElec Str+5 Dex+7}
rPois   +            (helmet restricted)
rElec   +            l - +2 cloak
rCorr   .            V - +2 pair of gloves {hurl}
SInv    .            I - +2 pair of boots
Will    +++++        N - amulet of Contentment {Reflect ^Contam rPois rF++ Slay+3 SH+5}
Stlth   +            Y - +6 ring of intelligence
HPRegen 0.51/turn    S - ring of wizardry
MPRegen 0.27/turn

%: reflection, wizardry (x1)
@: brilliant, studying Throwing
A: explore regen, horns 1, iridescent scales 1, strong-willed 1, inhibited
regeneration
0: Orb of Zot
}: 5/15 runes: serpentine, barnacled, slimy, silver, abyssal
a: Renounce Religion, Potion Petition, Call Merchant, Bribe Branch


You escaped.
You worshipped Gozag.
Gozag was greatly pleased with you.
You visited 11 branches of the dungeon, and saw 53 of its levels.
You visited Pandemonium 1 time, and saw 1 of its levels.
You visited the Abyss 3 times.
You also visited: Gauntlet and Volcano.

You collected 27820 gold pieces.
You spent 6154 gold pieces at shops.
You paid 16360 gold pieces to Gozag.

Inventory:

Missiles
 F - 12 curare-tipped darts
 Z - 7 throwing nets
Armour
 h - the +2 robe of Devotion (worn) {rElec Str+5 Dex+7}
   (You found it on level 5 of the Pits of Slime)

   Str+5:     It affects your strength (+5).
   Dex+7:     It affects your dexterity (+7).
   rElec:     It insulates you from electricity.
 i - a +2 helmet of intelligence
 k - the +2 shield of Resistance (worn) {rF++ rC++ Will++}
   (You bought it in a shop on level 3 of the Elven Halls)

   rF++:      It greatly protects you from fire.
   rC++:      It greatly protects you from cold.
   Will++:    It greatly increases your willpower.
 l - a +2 cloak (worn)
 t - a +2 robe of willpower
 u - a +0 cloak
 I - a +2 pair of boots (worn)
 J - a +0 cloak of willpower
 R - the +1 helmet "Ykoecoxt" {Will+ SInv}
   (You found it on level 5 of the Pits of Slime)

   Will+:     It increases your willpower.
   SInv:      It lets you see invisible.
 V - a +2 pair of gloves of hurling (worn)
Magical Staves
 a - the staff "Titahi" (weapon) {rPois Int+5 Air Alchemy}
   (You found it on level 5 of the Vaults)

   [staff of alchemy]

   Base accuracy: +5 Base damage: 5 Base attack delay: 1.2 This weapon's minimum
   attack delay (0.6) is reached at skill level 12.
   Int+5:     It affects your intelligence (+5).
   rPois:     It protects you from poison Air: It increases the power of your
   Air spells.
   Alchemy:   It increases the power of your Alchemy spells.
   It falls into the 'Staves' category.
   It is a one-handed weapon.
 L - the staff "Pendulum" {+Blink Dex+5 Conj}
   (You found it on level 5 of the Pits of Slime)

   [staff of conjuration]

   Base accuracy: +5 Base damage: 5 Base attack delay: 1.2 This weapon's minimum
   attack delay (0.6) is reached at skill level 12.
   Dex+5:     It affects your dexterity (+5).
   +Blink:    It lets you blink.
   Conj:      It increases the power of your Conjurations spells.
   It falls into the 'Staves' category.
   It is a one-handed weapon.
Jewellery
 c - a +4 ring of protection
 s - the ring of the Furies {rElec SInv}
   (You found it on level 2 of the Elven Halls)

   [ring of see invisible]

   rElec:     It insulates you from electricity.
   SInv:      It lets you see invisible.
 v - the ring of Liatze {rF++ rN+ Dex+3}
   (You took it off a vault warden on level 5 of the Vaults)

   [ring of positive energy]

   Dex+3:     It affects your dexterity (+3).
   rF++:      It greatly protects you from fire.
   rN+:       It protects you from negative energy.
 N - the amulet of Contentment (around neck) {Reflect ^Contam rPois rF++ Slay+3 SH+5}
   (You bought it in a shop on level 4 of the Snake Pit)

   [amulet of reflection]

   Reflect:   It reflects blocked missile attacks.
   Slay+3:    It affects your accuracy & damage with ranged weapons and melee
   (+3).
   rF++:      It greatly protects you from fire.
   rPois:     It protects you from poison ^Contam: It causes magical
   contamination when unequipped.
   SH+5:      It affects your SH (+5).
 S - a ring of wizardry (right hand)
 Y - a +6 ring of intelligence (left hand)
Talismans
 e - a granite talisman
Wands
 A - a wand of acid (39)
 D - a wand of digging (21)
 E - a wand of charming (47)
 G - a wand of mindburst (32)
 P - a wand of roots (27)
Scrolls
 j - 10 scrolls of fear
 m - 7 scrolls of immolation
 o - 6 scrolls of enchant armour
 p - 3 scrolls of silence {!r}
 q - 8 scrolls of vulnerability
 w - 4 scrolls of poison
 x - a scroll of amnesia
 y - 7 scrolls of fog
 B - a scroll of blinking
 M - 4 scrolls of revelation
 T - 15 scrolls of teleportation
 W - 6 scrolls of butterflies
Potions
 b - 3 potions of lignification
 d - 6 potions of invisibility
 f - 3 potions of resistance
 n - 6 potions of magic
 r - 7 potions of brilliance
 z - 5 potions of mutation
 C - 7 potions of enlightenment
 H - 6 potions of haste
 Q - 5 potions of curing
Miscellaneous
 K - a phantom mirror
 O - a condenser vane
 U - a phial of floods
 X - a box of beasts


   Skills:
 - Level 10.0 Fighting
 - Level 4.0 Armour
 - Level 8.0 Dodging
 - Level 2.0 Stealth
 - Level 17.0 Shields
 - Level 13.0 Spellcasting
 - Level 15.0 Conjurations
 - Level 12.0 Hexes
 - Level 15.0 Summonings
 - Level 20.0 Fire Magic
 * Level 21.9 Ice Magic
 - Level 16.2 Air Magic
 - Level 12.1 Alchemy
 - Level 8.0 Evocations


You couldn't memorise any spells.
You knew the following spells:

 Your Spells              Type           Power      Damage    Failure   Level
a - Maxwell's Capacitive  Air            75%        ∞         6%          8
b - Ignition              Fire           68%        3d18      1%          8
c - Ozocubu's Refrigerat  Ice            71%        4d23      1%          7
d - Summon Mana Viper     Hex/Summ       100%       N/A       1%          5
e - Apportation           Tloc           78%        N/A       1%          1
f - Passwall              Erth           39%        N/A       2%          3
g - Plasma Beam           Fire/Air       78%        2x1d96    1%          6
h - Polar Vortex          Ice            71%        12d9*     10%         9
r - Irradiate             Conj/Alch      71%        3d35      1%          5

Your spell library contained the following spells:

 Spells                   Type           Power      Damage    Failure   Level
 Freeze                   Ice            100%       1d10      0%          1
 Magic Dart               Conj           100%       1d8       0%          1
 Slow                     Hex            100%       N/A       0%          1
 Sting                    Conj/Alch      100%       1d9       0%          1
 Summon Small Mammal      Summ           100%       N/A       0%          1
 Call Imp                 Summ           100%       N/A       0%          2
 Ensorcelled Hibernation  Hex/Ice        100%       N/A       0%          2
 Jinxbite                 Hex            100%       N/A       0%          2
 Scorch                   Fire           100%       2d9       0%          2
 Searing Ray              Conj           100%       2d8       0%          2
 Static Discharge         Conj/Air       100%       3-8/arc   0%          2
 Call Canine Familiar     Summ           100%       N/A       0%          3
 Dazzling Flash           Conj/Hex       100%       N/A       0%          3
 Frozen Ramparts          Ice            100%       1d16      0%          3
 Hailstorm                Conj/Ice       100%       3d16      0%          3
 Inner Flame              Hex/Fire       100%       N/A       0%          3
 Summon Ice Beast         Ice/Summ       100%       N/A       0%          3
 Flame Wave               Conj/Fire      100%       2d21      0%          4
 Summon Blazeheart Golem  Fire/Summ      100%       N/A       0%          4
 Kiss of Death            Conj/Necr      100%       2d13      1%          1
 Necrotise                Necr           100%       1d9       1%          1
 Sandblast                Erth           78%        2d17      1%          1
 Blink                    Tloc           78%        N/A       1%          2
 Cigotuvi's Dreadful Rot  Necr/Alch/Air  100%       N/A       1%          2
 Lesser Beckoning         Tloc           78%        N/A       1%          2
 Momentum Strike          Conj/Tloc      100%       3d10      1%          2
 Sublimation of Blood     Necr           39%        N/A       1%          2
 Confusing Touch          Hex            100%       N/A       1%          3
 Sigil of Binding         Hex            100%       N/A       1%          3
 Stone Arrow              Conj/Erth      100%       3d13      1%          3
 Volatile Blastmotes      Fire/Tloc      100%       2d18      1%          3
 Airstrike                Air            75%        2d(11-27) 1%          4
 Anguish                  Hex/Necr       42%        N/A       1%          4
 Animate Armour           Summ/Erth      100%       N/A       1%          4
 Brom's Barrelling Bould  Conj/Erth      93%        2d10      1%          4
 Cause Fear               Hex            56%        N/A       1%          4
 Dimensional Bullseye     Hex/Tloc       42%        N/A       1%          4
 Fulminant Prism          Conj/Alch      71%        3d29      1%          4
 Ignite Poison            Fire/Alch      100%       N/A       1%          4
 Iskenderun's Mystic Bla  Conj/Tloc      93%        2d18      1%          4
 Leda's Liquefaction      Alch/Erth      53%        N/A       1%          4
 Olgreb's Toxic Radiance  Alch           100%       N/A       1%          4
 Petrify                  Alch/Erth      100%       N/A       1%          4
 Summon Lightning Spire   Summ/Air       100%       N/A       1%          4
 Vhi's Electric Charge    Tloc/Air       100%       N/A       1%          4
 Alistair's Intoxication  Alch           90%        N/A       1%          5
 Arcjolt                  Conj/Air       74%        1d84      1%          5
 Fireball                 Conj/Fire      65%        3d25      1%          5
 Freezing Cloud           Conj/Ice/Air   78%        6-21      1%          5
 Iskenderun's Battlesphe  Conj           100%       2d15      1%          5
 Metabolic Englaciation   Hex/Ice        64%        N/A       1%          5
 Conjure Ball Lightning   Conj/Air       74%        3x3d27    1%          6
 Starburst                Conj/Fire      65%        6d17      1%          6
 Summon Cactus Giant      Summ           61%        N/A       1%          6
 Monstrous Menagerie      Summ           61%        N/A       1%          7
 Orb of Destruction       Conj           61%        9d15      1%          7
 Summon Hydra             Summ           61%        N/A       1%          7
 Fugue of the Fallen      Necr           39%        N/A       2%          3
 Gell's Gravitas          Tloc           39%        N/A       2%          3
 Teleport Other           Tloc           39%        N/A       2%          3
 Vampiric Draining        Necr           39%        2d8       2%          3
 Enfeeble                 Hex            56%        N/A       4%          7
 Dispel Undead            Necr           39%        3d16      8%          4
 Manifold Assault         Tloc           39%        N/A       8%          4
 Passage of Golubria      Tloc           39%        N/A       8%          4
 Borgnjor's Vile Clutch   Necr/Erth      19%        N/A       21%         5
 Lee's Rapid Deconstruct  Erth           19%        3d11*     21%         5
 Haunt                    Necr/Summ      46%        N/A       28%         7
 Discord                  Hex            56%        N/A       34%         8
 Death Channel            Necr           19%        N/A       71%         6
 Dispersal                Tloc           19%        N/A       71%         6
 Disjunction              Tloc           19%        N/A       100%        8
 Infestation              Necr           19%        N/A       100%        8
 Animate Dead             Necr           Unusable   N/A       N/A         4

Dungeon Overview and Level Annotations

Branches:
Dungeon (15/15)            Temple (1/1) D:5            Lair (5/5) D:11
 Shoals (4/4) Lair:3        Snake (4/4) Lair:3        Slime (5/5) Lair:5
    Orc (2/2) D:9             Elf (3/3) Orc:2        Vaults (5/5) D:14
  Crypt (0/3) Vaults:3     Depths (4/4) D:15            Zot (5/5) Depths:4
Volcano (visited)         Gauntlet (visited)

Altars:
Ashenzari
Cheibriados
Dithmenos
Elyvilon
Fedhas
Gozag
Hepliaklqana
Kikubaaqudgha
Makhleb
Nemelex Xobeh
Okawaru
Qazlal
Ru
Sif Muna
Trog
Uskayaw
Vehumet
Wu Jian
Xom
Yredelemnul
Zin
The Shining One
Jiyva

Shops:
D:8 (   D:12 *   D:14 :   Orc:2 [*(([   Elf:3 [[?=[   Shoals:3 *[   Snake:3 ((
Snake:4 =   Vaults:2 ?*?*(   Vaults:3 [   Vaults:5 *   Depths:1 :::=(
Depths:2 [   Depths:3 (

Portals:
Hell: Depths:1 Depths:2 Depths:3 Depths:4
Abyss: Depths:2 Depths:3
Pandemonium: Depths:2
Ziggurat: Depths:4
Trove: Vaults:1 (give +6 ice dragon scales)

Annotations:
D:1 2 runed translucent doors
D:4 exclusion: 2 downstairs
D:7 exclusion: downstairs
D:11 1 runed translucent door, exclusion: cyclops, Yphutt's ghost, journeyman GnSk
D:12 2 transporters, Mocet's ghost, journeyman GnAl
D:13 exclusion: downstairs
D:14 8 runed translucent doors
Lair:1 exclusions: bullfrog and death yak
Lair:4 exclusion: downstairs
Snake:2 1 runed translucent door, exclusion: 2 downstairs, Sagen's ghost, adept DrCj
Slime:4 exclusion: downstairs
Elf:2 3 runed translucent doors
Depths:2 3 runed translucent doors, Xavori's ghost, veteran DjCK
Zot:5 exclusion: obsidian statue


Innate Abilities, Weirdness & Mutations

You regain HP and MP as you explore.
You have a pair of small horns on your head.
You are partially covered in iridescent scales. (AC +2)
You are strong-willed. (Will+)
You do not regenerate when monsters are visible.


Message History

A great freezing vortex appears and lifts you up.
You block the sun demon's attack.
Unknown command.
You kill the sun demon!
Unknown command.
Casting: Polar Vortex (dangerous; 10% risk of failure)
Confirm with . or Enter, or press ? or * to list all spells.
You feel a strong surge of power!
You erupt in a fountain of uncontrolled magic!
The Brimstone Fiend is blasted with magical radiation!!
The Brimstone Fiend is severely wounded.
You are lightly contaminated with residual magic.
The Brimstone Fiend is distracted by your dazzling golden aura.
Unknown command.
Casting: Irradiate (safe; 1% risk of failure)
Confirm with . or Enter, or press ? or * to list all spells.
You feel a strong surge of power!
You erupt in a fountain of uncontrolled magic!
The Brimstone Fiend roars!
The Brimstone Fiend is blasted with magical radiation!!!
You kill the Brimstone Fiend!
You are contaminated with residual magic.
Unknown command.
Your body shudders with the violent release of wild energies!
A pair of horns grows on your head!
You feel less contaminated with magical energies.
You now have 5295 gold pieces (gained 5).
The winds around you start to calm down.
You float gracefully downwards.
You now have 5306 gold pieces (gained 11).
You are engulfed in whirling frost.
You are engulfed in whirling frost.
You are engulfed in whirling frost.
You are engulfed in whirling frost.
The winds around you calm down.
You see here a +0 whip.
Your extra speed is starting to run out.
You feel yourself slow down.
Ecoeth comes into view.
Blink to where?
Press: ? - help, Dir - move target A soul eater comes into view.
As you read the scroll of blinking, it crumbles to dust.
Blink to where?
Press: ? - help, Dir - move target
As you read the scroll of blinking, it crumbles to dust.
Unknown command.
Your magical contamination has completely faded away.
There is a staircase leading out of the dungeon here.
You have escaped!

..♣♣..♣.♣♣.♣...♣.♣ #8÷8#
......♣♣.♣♣..♣♣♣.♣ ##..#
....♣..♣.♣.♣♣♣..♣♣ ##.#
♣..♣.♣.♣..♣♣♣.♣.♣♣ #.#
..♣..♣..♣.♣...♣♣.♣ #.#
.♣♣..♣..♣♣.♣♣♣♣..♣#######
#.#
.♣.....♣.♣..♣..♣♣♣#.....#
#.#
..♣...♣♣.♣♣..♣♣..♣#####.#
#.# ♣......♣♣...♣..♣@♣
#.# #.#
♣♣♣♣♣♣♣♣♣♣♣♣♣♣♣♣♣♣
#.###.# # ### #.....# #
#.# #..#### # #.# #..#
######.# #..# ...[...#
#..# ...##### #..# ##.#
##########..#


There were no monsters in sight!

Vanquished Creatures
  the Royal Jelly (Slime:5)
  Frederick (Depths:4)
  An ancient lich (Vaults:5)
  Tiamat (Zot:2)
  2 pandemonium lords
  A juggernaut (Depths:4)
  Vv (Depths:2)
  Sojobo (Depths:2)
  A Killer Klown (Zot:5)
  2 golden dragons
  A bone dragon (Abyss:3)
  A Brimstone Fiend (D:1)
  A Hell Sentinel (D:3)
  7 tentacled monstrosities
  4 liches
  9 titans (Vaults:5)
  6 Orb Guardians
  Asterion (Vaults:3)
  A walking frostbound tome (Depths:4)
  2 deep elf master archers (Elf:3)
  A walking divine tome (Depths:2)
  2 deep elf blademasters (Elf:3)
  9 sphinxes
  4 tentacled starspawn (Abyss:3)
  A walking earthen tome (Depths:3)
  23 acid blobs
  Polyphemus (Shoals:2)
  A kraken (Shoals:2)
  A death cob (Zot:2)
  An Executioner (D:2)
  2 ancient champions
  A quicksilver dragon (Vaults:5)
  2 protean progenitors
  13 storm dragons
  7 shadow dragons
  Aizul (Vaults:1)
  8 tengu reavers
  4 rockslimes (Slime:5)
  Roxanne (Shoals:1)
  3 fire giants
  2 draconian monks
  4 nagarajas (Snake:4)
  13 azure jellies
  3 draconian knights
  9 frost giants
  2 iron dragons (Vaults:5)
  10 vault wardens
  3 deep elf sorcerers (Elf:3)
  The ghost of Wecaes the Arsonist, a journeyman HOFE of Okawaru (Shoals:2)
  A draconian stormcaller (Zot:4)
  5 draconian shifters
  A balrug (D:1)
  2 draconian scorchers (Zot:1)
  2 cacodemons
  An orc warlord (Vaults:1)
  13 ironbound preservers
  5 deep elf elementalists
  8 formless jellyfish
  13 very ugly things
  A spriggan defender (Depths:2)
  An ophan (Pan)
  4 ironbound thunderhulks
  12 quicksilver oozes
  4 draconian annihilators
  An apis (Pan)
  16 stone giants
  2 vampire knights
  10 deep elf demonologists
  2 elemental wellsprings (Shoals:2)
  A lorocyproca (Depths:2)
  A minotaur (Shoals:4)
  3 black draconians
  6 deep elf death magi
  3 spark wasps
  3 dire elephants (Vaults:3)
  5 green draconians
  3 white draconians (Zot:2)
  16 yellow draconians
  A war gargoyle (Vaults:5)
  2 red draconians
  2 bunyips
  10 deep elf annihilators
  2 eidola
  7 ettins
  A blizzard demon (D:11)
  4 merfolk impalers
  A merfolk javelineer (Shoals:4)
  3 jiangshi (Depths:1)
  5 fire dragons
  17 yaktaur captains
  3 deep elf high priests
  3 entropy weavers (Vaults:5)
  5 rakshasas
  5 great orbs of eyes
  A salamander tyrant (Snake:3)
  A peacekeeper (Vaults:4)
  34 vault guards
  10 ice dragons
  5 ironbound frosthearts
  4 spriggan air magi
  A hell beast (Depths:4)
  2 merfolk avatars
  An alligator snapping turtle (Shoals:3)
  4 centaur warriors
  10 satyrs (Shoals:4)
  2 catoblepae
  2 two-headed ogres
  An alligator (shapeshifter) (Depths:1)
  A two-headed ogre (shapeshifter) (Vaults:4)
  7 merfolk aquamancers
  A boulder beetle (Vaults:3)
  5 anacondas
  3 death yaks (Shoals:2)
  A demonic crawler (Abyss:3)
  11 dancing weapons
  4 deep troll shamans
  12 deep troll earth magi
  3 orc high priests (Orc:2)
  2 spriggan berserkers
  A vampire mage (Depths:1)
  A hell hog (Depths:4)
  4 naga warriors
  2 tengu warriors
  2 thrashing horrors (Abyss:3)
  2 occultists
  A shock serpent (shapeshifter) (Vaults:5)
  5 naga sharpshooters (Snake:4)
  6 shock serpents
  A spriggan (Depths:3)
  A sun demon (D:1)
  7 iron trolls
  6 hell knights
  A skyshark (Shoals:3)
  9 deep elf knights
  10 sea snakes
  4 wretched stars (Abyss:3)
  A skyshark (shapeshifter) (Vaults:4)
  2 salamander mystics
  2 shadow wraiths
  A sixfirhy (Abyss:2)
  A cherub (Pan)
  2 flayed ghosts
  2 mana vipers (Snake:2)
  60 deep trolls
  3 glowing orange brains
  8 arcanists
  2 naga ritualists
  11 large abominations
  A shadow demon (Depths:4)
  4 phantasmal warriors
  9 lindwurms
  10 deep elf archers
  A steelbarb worm (shapeshifter) (Vaults:5)
  21 ironbound convokers
  A harpy (shapeshifter) (D:14)
  11 deep elf pyromancers
  2 orc sorcerers
  7 necromancers
  39 harpies
  13 deep elf zephyrmancers
  3 cyclopes (Shoals:4)
  3 oklob plants (Zot:4)
  14 manticores
  15 fauns
  28 ugly things
  2 shining eyes
  7 moths of wrath
  An elephant (D:11)
  A worldbinder (Abyss:3)
  9 water nymphs
  3 salamanders
  An elephant (shapeshifter) (Vaults:5)
  3 naga magi
  17 vault sentinels
  20 black mambas
  8 merfolk sirens
  A guardian serpent (shapeshifter) (Vaults:5)
  A gargoyle (D:10)
  A frost giant skeleton (Vaults:3)
  A torpor snail (Lair:3)
  3 guardian serpents (Snake:4)
  3 eyes of devastation
  2 smoke demons
  An unseen horror (D:14)
  32 yaktaurs
  4 komodo dragons
  A tormentor (Depths:4)
  A redback zombie (D:15)
  3 tengu conjurers
  A guardian mummy (Vaults:1)
  An efreet (D:14)
  2 ice devils (Depths:4)
  2 ancient zymes (Abyss:2)
  A troll (D:11)
  A harpy zombie (Abyss:3)
  30 merfolk
  A hellwing (Abyss:3)
  4 wind drakes
  2 raiju
  3 hornets
  A dream sheep (shapeshifter) (Vaults:4)
  4 glass eyes
  3 snapping turtles
  4 dream sheep (Shoals:4)
  13 small abominations
  4 air elementals
  71 slime creatures
  A wyvern (D:11)
  A yak (shapeshifter) (Elf:2)
  A ynoxinul (D:1)
  An elf skeleton (Vaults:3)
  14 yaks
  A fire bat (Volcano)
  4 fire elementals
  15 water elementals
  A steam dragon (D:10)
  6 golden eyes (Slime:5)
  2 chaos spawn
  A neqoxec (Abyss:3)
  A human zombie (Depths:2)
  13 nagas
  2 swamp worms (shapeshifter)
  A glowing shapeshifter zombie (Depths:2)
  3 water moccasins
  A sky beast (D:7)
  6 orc warriors
  An ice beast (D:7)
  An ogre (D:5)
  A black bear (Lair:4)
  5 boggarts (Vaults:2)
  3 centaurs
  3 phantoms (D:6)
  5 elf zombies (Elf:1)
  A kobold brigand (Temple)
  A nameless horror (D:8)
  2 bullfrogs
  A gnoll sergeant (D:5)
  4 earth elementals
  5 scorpions
  5 wights (D:8)
  4 killer bees (D:9)
  A howler monkey (D:9)
  5 electric eels
  A bombardier beetle (D:5)
  26 jellies
  3 hounds
  A gnoll bouda (D:8)
  4 orc priests
  2 sleepcaps
  8 starcursed masses
  5 iguanas
  11 orc wizards
  11 gnolls
  4 adders
  2 ufetubi
  3 dart slugs
  2 ribbon worms (D:3)
  24 orcs
  6 bats
  25 endoplasms
  4 giant cockroaches
  10 hobgoblins
  5 jackals (D:2)
  3 quokkas
  3 training dummies (Snake:3)
  8 ball pythons
  4 frilled lizards
  9 goblins
  10 kobolds
  10 rats
  2 aspiring fleshes
  3 ball lightnings (Depths:4)
  8 starspawn tentacles
1476 creatures vanquished.

Vanquished Creatures (collateral kills)
  Saint Roka (Elf:3)
  A curse toe (Zot:5)
  A golden dragon (Zot:1)
  Rupert (D:12)
  Jorgrun (Orc:2)
  2 Orb Guardians (Zot:5)
  2 tentacled starspawn
  2 acid blobs (Zot:4)
  Frances (D:14)
  A death cob (Zot:4)
  A shadow dragon (Zot:5)
  Agnes (Snake:1)
  Donald (Shoals:4)
  6 storm dragons
  Kirke (Elf:1)
  A draconian monk (Zot:4)
  A nagaraja (Snake:4)
  A deep elf sorcerer (Vaults:5)
  Louise (Shoals:1)
  A vault warden (Vaults:3)
  4 ironbound preservers
  An orc warlord (Orc:1)
  A reaper (Depths:2)
  A draconian annihilator (Zot:4)
  2 very ugly things (Depths:3)
  A deep elf death mage (Elf:1)
  A minotaur (Gauntlet)
  A war gargoyle (Vaults:5)
  2 purple draconians
  A red draconian (Zot:4)
  4 yellow draconians (Zot:4)
  3 merfolk javelineers (Shoals:3)
  Snorg (D:14)
  2 merfolk impalers
  2 ettins
  4 fire dragons
  An entropy weaver (Vaults:5)
  A rakshasa (D:15)
  5 hydras
  2 salamander tyrants (Snake:4)
  A merfolk avatar (Shoals:3)
  6 anacondas
  An ironbound frostheart (Vaults:3)
  A merfolk aquamancer (Shoals:4)
  6 boulder beetles
  7 centaur warriors
  4 dancing weapons
  A death knight (Abyss:2)
  4 two-headed ogres
  A tengu warrior (D:14)
  10 naga warriors
  2 orc high priests (Orc:2)
  2 spriggan berserkers
  An occultist (D:15)
  2 thrashing horrors
  3 shock serpents
  10 naga sharpshooters
  A deep elf knight (Elf:1)
  2 salamander mystics (Snake:4)
  2 skysharks
  A skeletal warrior (D:14)
  An iron troll (Depths:1)
  5 large abominations
  2 sea snakes (Snake:3)
  A deep troll (shapeshifter) (Depths:2)
  A swamp dragon (Lair:5)
  10 mana vipers
  4 naga ritualists
  5 deep trolls
  A deep elf archer (Elf:2)
  3 lindwurms
  5 harpies
  3 necromancers
  9 orc knights
  A deep elf zephyrmancer (Elf:1)
  7 deep elf pyromancers
  An iron dragon zombie (Vaults:3)
  An oklob plant (Zot:4)
  14 ugly things
  4 orc sorcerers
  12 salamanders
  3 fauns
  16 elephants
  5 manticores
  A meliai (D:14)
  A worldbinder (Abyss:2)
  3 kobold blastminers
  2 centaur zombies (D:15)
  A black mamba (shapeshifter) (D:14)
  22 black mambas
  A moth of wrath (Zot:5)
  A merfolk siren (Shoals:1)
  6 cyclopes
  2 vault sentinels (Vaults:3)
  2 torpor snails (Lair:5)
  A water nymph (D:14)
  3 gargoyles
  7 guardian serpents
  9 naga magi
  A smoke demon (Abyss:2)
  14 cane toads
  An efreet (D:14)
  7 rime drakes
  9 komodo dragons
  A freezing wraith (D:14)
  2 tengu conjurers
  An ancient zyme (Abyss:3)
  5 trolls
  8 merfolk
  A polar bear (Lair:4)
  A polar bear (shapeshifter) (D:14)
  3 wind drakes (Shoals:2)
  A troll (shapeshifter) (D:14)
  21 blink frogs
  3 snapping turtles
  A wolf spider simulacrum (D:15)
  5 centaur simulacra
  8 slime creatures
  2 water elementals
  5 wyverns
  55 yaks
  A spriggan (Depths:3)
  A vampire (D:12)
  A fire bat (Volcano)
  4 wargs
  10 basilisks
  A hog (shapeshifter) (Abyss:3)
  A neqoxec (Gauntlet)
  4 chaos spawn
  6 vampire mosquitoes
  19 nagas
  2 acid dragons
  10 water moccasins
  A hell hound (Volcano)
  3 swamp drakes (Lair:5)
  A sky beast (Abyss:3)
  41 orc warriors
  An ice beast (Abyss:2)
  A black bear (D:11)
  4 laughing skulls
  An ice dragon simulacrum (Gauntlet)
  5 ogres
  7 centaurs
  20 wolves
  2 kobold brigands (D:9)
  7 bullfrogs
  A small abomination (Abyss:2)
  An earth elemental (Elf:1)
  2 killer bees (D:9)
  6 howler monkeys
  12 jellies
  33 orc priests
  2 iguanas (Lair:5)
  13 orc wizards
  42 orcs
  10 kobolds (D:9)
  A lurking horror (Abyss:2)
  5 starspawn tentacles
749 creatures vanquished.

Vanquished Creatures (others)
  A dread lich (Zot:5)
  An ancient lich (Zot:5)
  A tentacled monstrosity (Zot:4)
  An electric golem (Zot:5)
  7 Orb Guardians (Zot:5)
  A tentacled starspawn (Abyss:3)
  A storm dragon (Zot:5)
  2 draconian monks
  A vault warden (Vaults:3)
  2 draconian scorchers
  A ghost moth (Zot:5)
  3 green draconians
  A black draconian (Zot:4)
  A purple draconian (Zot:4)
  2 red draconians
  A yellow draconian (Zot:4)
  A dancing weapon (Elf:1)
  An occultist (Abyss:2)
  An obsidian statue (Zot:5)
  2 ugly things (Vaults:3)
  A deep elf pyromancer (Elf:3)
  A moth of wrath (Zot:5)
  An unseen horror (Abyss:2)
  A human (Elf:1)
  8 foxfires (Abyss:2)
  25 fulminant prisms
  39 starspawn tentacles
  4 tentacles (Shoals:2)
112 creatures vanquished.

Grand Total: 2337 creatures vanquished

Notes
Turn   | Place    | Note
-------+----------+-------------------------------------------
     0 | D:1      | shadowrider38 the Human Conjurer began the quest for the
                  | Orb.
     0 | D:1      | Reached XP level 1. HP: 13/13 MP: 3/3
   204 | D:1      | Found a large runed translucent door.
   204 | D:1      | Found a large runed translucent door.
   206 | D:1      | Reached XP level 2. HP: 19/19 MP: 3/5
   231 | D:1      | Learned a level 2 spell: Searing Ray
   803 | D:1      | Found a faded altar of an unknown god.
   889 | D:1      | Reached XP level 3. HP: 24/24 MP: 2/6
  2533 | D:3      | Reached XP level 4. HP: 32/32 MP: 4/7
  2696 | D:2      | Learned a level 4 spell: Fulminant Prism
  3141 | D:3      | Reached skill level 3 in Spellcasting
  3454 | D:3      | Reached XP level 5. HP: 38/38 MP: 7/9
  4751 | D:4      | Reached XP level 6. HP: 44/44 MP: 7/10
  5598 | D:4      | Found an ancient bone altar of Kikubaaqudgha.
  5926 | D:5      | Entered Level 5 of the Dungeon
  5937 | D:5      | Found a staircase to the Ecumenical Temple.
  6009 | D:5      | Reached XP level 7. HP: 24/50 MP: 1/13
  6113 | Temple   | Entered the Ecumenical Temple
  6120 | Temple   | Became a worshipper of Gozag Ym Sagoz the Greedy
  6228 | Temple   | Reached skill level 3 in Alchemy
  6613 | D:5      | Noticed a two-headed ogre
  6621 | Temple   | Reached XP level 8. HP: 53/56 MP: 2/14
  8086 | D:5      | Killed a two-headed ogre
  8394 | D:6      | Reached XP level 9. HP: 42/61 MP: 8/17
  8759 | D:6      | Found a radiant altar of Vehumet.
  8977 | D:6      | Found a glowing silver altar of Zin.
  9831 | D:7      | Reached skill level 3 in Summonings
  9831 | D:7      | Reached skill level 3 in Air Magic
 10231 | D:7      | Found a snail-covered altar of Cheibriados.
 10234 | D:7      | Noticed a hornet
 10240 | D:7      | Killed a hornet
 10678 | D:7      | Learned a level 4 spell: Summon Lightning Spire
 10906 | D:8      | Found an iron altar of Okawaru.
 10964 | D:8      | Found a glowing golden altar of the Shining One.
 11159 | D:8      | Found Zukkeuc's Antique Weapon Shop.
 11450 | D:8      | Reached XP level 10. HP: 58/67 MP: 3/19
 11698 | D:8      | Reached skill level 3 in Shields
 12302 | D:9      | Noticed a two-headed ogre
 13462 | D:9      | Killed a two-headed ogre
 13564 | D:9      | Found a staircase to the Orcish Mines.
 13624 | D:9      | Reached XP level 11. HP: 67/72 MP: 14/20
 14534 | D:10     | Entered Level 10 of the Dungeon
 14688 | D:10     | Reached skill level 9 in Summonings
 15841 | D:11     | Reached skill level 3 in Fighting
 15895 | D:11     | Learned a level 5 spell: Summon Mana Viper
 16037 | D:11     | Noticed a cyclops
 16779 | D:11     | Found a staircase to the Lair.
 16797 | D:11     | Reached skill level 3 in Hexes
 16922 | D:11     | Killed a cyclops
 16923 | D:11     | Reached XP level 12. HP: 81/83 MP: 9/21
 17056 | D:11     | Found a runed translucent door.
 17059 | D:11     | Noticed Yphutt's ghost (journeyman GnSk)
 18063 | Lair:1   | Entered Level 1 of the Lair of Beasts
 18416 | Lair:1   | Noticed a death yak
 18600 | Lair:1   | Found a dark tunnel.
 18651 | Volcano  | Entered a volcano
 18665 | Volcano  | Noticed a two-headed ogre
 18697 | Volcano  | Killed a two-headed ogre
 18913 | Volcano  | Noticed a two-headed ogre
 18923 | Volcano  | Killed a two-headed ogre
 20829 | Lair:2   | Reached skill level 9 in Hexes
 20831 | Lair:2   | Noticed a skyshark
 20859 | Lair:2   | Killed a skyshark
 21110 | Lair:2   | Reached XP level 13. HP: 88/88 MP: 14/22
 21925 | Lair:3   | Found a gate leading to a gauntlet.
 21961 | Gauntlet | Entered a Gauntlet
 21961 | Gauntlet | Found a transporter.
 21971 | Gauntlet | Found a transporter.
 21985 | Gauntlet | Found a transporter.
 21990 | Gauntlet | Found a transporter.
 22005 | Gauntlet | Found a transporter.
 22024 | Gauntlet | Found a transporter.
 22033 | Gauntlet | Found a transporter.
 22048 | Gauntlet | Found a transporter.
 22056 | Gauntlet | Noticed a quicksilver ooze
 22060 | Gauntlet | Found a transporter.
 22066 | Gauntlet | Found a transporter.
 22068 | Gauntlet | Found a transporter.
 22068 | Gauntlet | Found a transporter.
 22085 | Gauntlet | Found a transporter.
 22115 | Gauntlet | Found a transporter.
 22134 | Gauntlet | Found a transporter.
 22161 | Gauntlet | Found a transporter.
 22183 | Gauntlet | Found a transporter.
 22263 | Gauntlet | Found a transporter.
 22540 | Gauntlet | Learned a level 4 spell: Cause Fear
 23008 | Gauntlet | Identified the amulet "Egaem" {RegenMP ^Fragile Dex+7}
 23020 | Gauntlet | Identified the +1 leather armour of Instinct {rF+ Dex+5}
 23060 | Gauntlet | Noticed a minotaur
 23086 | Gauntlet | Killed a minotaur
 23585 | Lair:3   | Found a staircase to the Shoals.
 23922 | Lair:3   | Reached skill level 3 in Evocations
 24250 | Lair:3   | Found a staircase to the Snake Pit.
 24906 | Lair:4   | Reached skill level 3 in Dodging
 25265 | Lair:4   | Reached XP level 14. HP: 79/98 MP: 17/23
 26058 | Lair:5   | Entered Level 5 of the Lair of Beasts
 27916 | Lair:5   | Found a viscous altar of Jiyva.
 27916 | Lair:5   | Found a staircase to the Slime Pits.
 29573 | Lair:5   | Learned a level 5 spell: Irradiate
 30752 | Orc:1    | Entered Level 1 of the Orcish Mines
 30966 | Orc:1    | Reached XP level 15. HP: 103/103 MP: 22/27
 31167 | Orc:1    | Noticed an orc warlord
 31214 | Orc:1    | Killed an orc warlord
 31544 | Orc:2    | Entered Level 2 of the Orcish Mines
 31806 | Orc:2    | Noticed Jorgrun
 31842 | Orc:2    | Killed Jorgrun
 32097 | Orc:2    | Reached skill level 15 in Summonings
 32097 | Orc:2    | Reached skill level 9 in Alchemy
 32151 | Orc:2    | Found Qookleeg's Antique Armour Shoppe.
 32265 | Orc:2    | Found a staircase to the Elven Halls.
 33584 | Orc:2    | Found Uckeuzxu's Weapon Shop.
 33587 | Orc:2    | Found Ysolidit's General Store.
 33588 | Orc:2    | Found Cavatrein's Antique Armour Shop.
 33589 | Orc:2    | Found Hodgh's Antique Weapon Boutique.
 33762 | D:12     | Noticed Sonja
 33764 | D:12     | Sonja changed into Sonja the basilisk
 33764 | D:12     | Noticed Sonja
 33770 | D:12     | Killed Sonja the basilisk
 33836 | D:12     | Reached skill level 9 in Conjurations
 33887 | D:12     | Noticed Rupert
 34256 | D:12     | Found Vapp's Elemental Accessories.
 34299 | D:12     | Killed Rupert
 34532 | D:12     | Found a transporter.
 34551 | D:12     | Found a transporter.
 34569 | D:12     | Noticed Mocet's ghost (journeyman GnAl)
 34995 | D:13     | Identified the +9 falchion "Gamyezom" {holy, Will+ Int+3}
 35611 | D:14     | Noticed Nessos
 35616 | D:14     | Nessos changed into Nessos the water nymph
 35616 | D:14     | Noticed Nessos
 35619 | D:14     | Killed Nessos the water nymph
 36003 | D:14     | Noticed Snorg
 36221 | D:14     | Noticed Frances
 36278 | D:14     | Noticed a walking crystal tome
 36301 | D:14     | Found Jorchuck's Book Emporium.
 36303 | D:14     | Noticed a walking frostbound tome
 36890 | D:14     | Reached skill level 9 in Spellcasting
 36890 | D:14     | Reached XP level 16. HP: 73/106 MP: 24/29
 37105 | D:14     | Found a large runed translucent door.
 37109 | D:14     | Found a large runed translucent door.
 37175 | D:14     | Found a large runed translucent door.
 37177 | D:14     | Found a large runed translucent door.
 37178 | D:14     | Noticed a storm dragon
 37181 | D:14     | Noticed a tengu reaver
 37182 | D:14     | Found a large runed translucent door.
 37183 | D:14     | Found a large runed translucent door.
 37417 | D:14     | Found a gate to the Vaults.
 37811 | D:14     | Killed Snorg
 38662 | D:14     | Killed Frances
 38911 | D:14     | Found a large runed translucent door.
 38913 | D:14     | You fall into a shaft and drop 1 floor!
 38913 | D:15     | Entered Level 15 of the Dungeon
 39029 | D:14     | Found a large runed translucent door.
 39253 | Abyss:2  | Cast into level 2 of the Abyss (an occultist)
 39270 | Abyss:2  | Noticed a tentacled starspawn
 39293 | Abyss:2  | Noticed a tentacled starspawn
 39301 | Abyss:2  | Noticed a tentacled starspawn
 39497 | Abyss:2  | Noticed a tentacled starspawn
 39526 | Abyss:2  | Noticed a tentacled starspawn
 39527 | Abyss:2  | Noticed a lich
 39559 | Abyss:2  | Noticed a tentacled starspawn
 39624 | Abyss:2  | Noticed a bone dragon
 39803 | Abyss:2  | Noticed a tentacled starspawn
 39810 | Abyss:2  | Killed a tentacled starspawn
 39829 | D:15     | Escaped the Abyss
 40733 | D:15     | Found a staircase to the Depths.
 41509 | Snake:1  | Entered Level 1 of the Snake Pit
 41845 | Snake:1  | Noticed Agnes
 41858 | Snake:1  | Killed Agnes
 42145 | Snake:1  | Reached skill level 3 in Fire Magic
 42835 | Snake:1  | Learned a level 6 spell: Starburst
 42892 | Snake:1  | Reached XP level 17. HP: 62/122 MP: 24/31
 43077 | Snake:2  | Found a runed translucent door.
 43078 | Snake:2  | Noticed Sagen's ghost (adept DrCj)
 45566 | Snake:3  | Reached skill level 9 in Fire Magic
 46550 | Snake:3  | Found Dimaahet's Antique Weapon Emporium.
 46621 | Snake:3  | Found Ifamyst's Firing Range.
 46920 | Shoals:1 | Entered Level 1 of the Shoals
 46935 | Shoals:1 | Noticed Louise
 47209 | Shoals:1 | Killed Louise
 48363 | Shoals:1 | Noticed Roxanne
 48422 | Shoals:1 | Killed Roxanne
 49123 | Shoals:2 | Reached XP level 18. HP: 104/129 MP: 20/32
 50286 | Shoals:2 | Identified the +8 rapier of Daontomp {freeze, rF+}
 50918 | Shoals:2 | Noticed Polyphemus
 50975 | Shoals:2 | Found a runed translucent gate.
 50976 | Shoals:2 | Found a runed translucent gate.
 50976 | Shoals:2 | Noticed Wecaes's ghost (journeyman HOFE)
 50977 | Shoals:2 | Found a runed translucent gate.
 51066 | Shoals:2 | Killed Polyphemus
 52854 | Shoals:3 | Found Haymerim's Antique Armour Shop.
 52932 | Shoals:3 | Found Suylu's General Store.
 52938 | Shoals:3 | Bought a potion of haste for 160 gold pieces
 52938 | Shoals:3 | Bought a +1 helmet of intelligence for 264 gold pieces
 52938 | Shoals:3 | Bought a scroll of enchant armour for 120 gold pieces
 53788 | Elf:1    | Entered Level 1 of the Elven Halls
 54504 | Elf:1    | Noticed Kirke
 54523 | Elf:1    | Killed Kirke
 55261 | Elf:1    | Reached XP level 19. HP: 114/134 MP: 0/33
 55826 | Elf:1    | Got the Elucidation of Wicked Magic
 56658 | Elf:2    | Identified the +9 scimitar of Wofuoxai {venom, Str+4}
 57392 | Elf:2    | Identified the ring of the Furies {rElec SInv}
 57581 | Elf:2    | Found a runed translucent gate.
 57582 | Elf:2    | Found a runed translucent gate.
 57582 | Elf:2    | Found a runed translucent gate.
 57863 | Shoals:4 | Entered Level 4 of the Shoals
 58725 | Shoals:4 | Noticed Donald
 58825 | Shoals:4 | Paralysed by a sphinx for 2 turns
 58840 | Shoals:4 | Reached skill level 15 in Conjurations
 59042 | Shoals:4 | Reached skill level 15 in Fire Magic
 59210 | Shoals:4 | Killed Donald
 59406 | Shoals:4 | Got a barnacled rune of Zot
 59408 | Shoals:4 | Identified the staff "Cues" {rPois Dex+4 Alchemy}
 60284 | Shoals:4 | Reached skill level 9 in Fighting
 60478 | Snake:4  | Entered Level 4 of the Snake Pit
 60771 | Snake:4  | Found Ycu Qass's Jewellery Emporium.
 60790 | Snake:4  | Bought the amulet of Contentment {Reflect ^Contam rPois
                  | rF++ Slay+3 SH+5} for 919 gold pieces
 61206 | Snake:4  | Identified the scarf "Hit Wuyd" {+Inv, rC+}
 62555 | Snake:4  | Reached XP level 20. HP: 147/147 MP: 27/34
 63070 | Snake:4  | Learned a level 6 spell: Plasma Beam
 63808 | Snake:4  | Reached skill level 9 in Air Magic
 64737 | Snake:4  | Got a serpentine rune of Zot
 65122 | Elf:3    | Entered Level 3 of the Elven Halls
 65965 | Elf:3    | Found Caqowyshre's Antique Armour Shop.
 66039 | Elf:3    | Noticed Saint Roka
 66093 | Elf:3    | Killed Saint Roka
 66352 | Elf:3    | Found Wuwnod's Jewellery Boutique.
 66370 | Elf:3    | Found Atoarr's Magic Scroll Emporium.
 66374 | Elf:3    | Found Soept's Antique Armour Shop.
 66376 | Elf:3    | Bought a scroll of fear for 64 gold pieces
 66376 | Elf:3    | Bought a scroll of fear for 64 gold pieces
 66376 | Elf:3    | Bought a scroll of teleportation for 48 gold pieces
 66376 | Elf:3    | Bought a scroll of enchant armour for 120 gold pieces
 66376 | Elf:3    | Bought a scroll of revelation for 120 gold pieces
 66376 | Elf:3    | Bought a scroll of revelation for 120 gold pieces
 66430 | Elf:3    | Found Iricon's Armour Emporium.
 66442 | Elf:3    | Bought the +2 shield of Resistance {rF++ rC++ Will++} for
                  | 1269 gold pieces
 66442 | Elf:3    | Found the +2 shield of Resistance {rF++ rC++ Will++}
 67187 | Elf:3    | Noticed a Brimstone Fiend
 67556 | Elf:3    | Paralysed by an air elemental for 1 turns
 68192 | Elf:3    | Identified the +3 great sword "Hurej" {flame, SInv Stlth+}
 69899 | Elf:3    | Got the Secrets of the Radiant Evil Eye
 70586 | Vaults:1 | Entered Level 1 of the Vaults
 72035 | Vaults:1 | Reached XP level 21. HP: 101/153 MP: 19/35
 72803 | Vaults:1 | Identified the serpent talisman of Fijyib {Str+3}
 72803 | Vaults:1 | Noticed Aizul
 72809 | Vaults:1 | Reached skill level 9 in Shields
 72809 | Vaults:1 | Killed Aizul
 73096 | Vaults:1 | Found a portal to a secret trove of treasure.
 74922 | Vaults:2 | Found Qoewofi's Assorted Antiques.
 75950 | Vaults:2 | Found Jennuka's Assorted Antiques.
 75955 | Vaults:2 | Found Qeninyf's Weapon Shop.
 75958 | Vaults:2 | Bought a smoking leather armour for 189 gold pieces
 75958 | Vaults:2 | Identified the +2 leather armour "Abeuram" {rF+ Str+3} (You
                  | bought it in a shop on level 2 of the Vaults)
 75958 | Vaults:2 | Bought a potion of mutation for 216 gold pieces
 75958 | Vaults:2 | Bought a potion of mutation for 216 gold pieces
 76421 | Vaults:2 | Found Xeboaff's Magic Scroll Boutique.
 76424 | Vaults:2 | Bought a scroll of fear for 72 gold pieces
 76424 | Vaults:2 | Bought a scroll of blinking for 135 gold pieces
 76424 | Vaults:2 | Bought a scroll of fear for 72 gold pieces
 76424 | Vaults:2 | Bought a scroll of teleportation for 54 gold pieces
 76424 | Vaults:2 | Bought a scroll of teleportation for 54 gold pieces
 76424 | Vaults:2 | Bought a scroll of blinking for 135 gold pieces
 76424 | Vaults:2 | Bought a scroll of fog for 72 gold pieces
 76424 | Vaults:2 | Bought a scroll of teleportation for 54 gold pieces
 76424 | Vaults:2 | Bought a scroll of revelation for 135 gold pieces
 76938 | Vaults:2 | Found the +11 Singing Sword {sonic wave}
 77271 | Vaults:2 | Found Boam's Magic Scroll Boutique.
 77275 | Vaults:2 | Bought a scroll of teleportation for 57 gold pieces
 77275 | Vaults:2 | Bought a scroll of teleportation for 57 gold pieces
 77275 | Vaults:2 | Bought a scroll of teleportation for 57 gold pieces
 77275 | Vaults:2 | Bought a scroll of enchant armour for 142 gold pieces
 77521 | Vaults:3 | Noticed Asterion
 77537 | Vaults:3 | Killed Asterion
 78092 | Vaults:3 | Reached skill level 15 in Air Magic
 78152 | Vaults:3 | You fall into a shaft and drop 1 floor!
 78876 | Vaults:3 | Reached skill level 1 in Ice Magic
 79066 | Vaults:3 | Reached skill level 2 in Ice Magic
 79299 | Vaults:3 | Found a staircase to the Crypt.
 79332 | Vaults:3 | Reached skill level 3 in Ice Magic
 79339 | Vaults:3 | Reached XP level 22. HP: 91/159 MP: 7/36
 79359 | Vaults:3 | Reached skill level 4 in Ice Magic
 79975 | Vaults:3 | Reached skill level 5 in Ice Magic
 80246 | Vaults:3 | Found Viklim's Antique Armour Shoppe.
 80782 | Vaults:4 | Reached skill level 6 in Ice Magic
 81479 | Vaults:4 | Reached skill level 7 in Ice Magic
 81806 | Vaults:4 | Reached skill level 8 in Ice Magic
 82843 | Vaults:4 | Reached skill level 9 in Ice Magic
 83490 | Vaults:4 | Learned a level 7 spell: Ozocubu's Refrigeration
 83658 | Depths:1 | Entered Level 1 of the Depths
 83673 | Depths:1 | Reached skill level 10 in Ice Magic
 84363 | Depths:1 | Reached skill level 11 in Ice Magic
 85049 | Depths:1 | Found Ihoiqige's Weapon Emporium.
 85298 | Depths:2 | Found a gateway to Hell.
 85302 | Depths:2 | Noticed Sojobo
 85329 | Depths:2 | Killed Sojobo
 85790 | Depths:2 | Reached skill level 12 in Ice Magic
 86127 | Depths:2 | Found a runed translucent gate.
 86127 | Depths:2 | Found a runed translucent gate.
 86127 | Depths:2 | Found a runed translucent gate.
 86127 | Depths:2 | Noticed Xavori's ghost (veteran DjCK)
 86130 | Depths:2 | Found a basalt altar of Yredelemnul.
 86509 | Depths:2 | Found a one-way gate leading to the halls of Pandemonium.
 86510 | Depths:2 | Noticed Vv
 86521 | Depths:2 | Found Oczu's Antique Armour Emporium.
 86834 | Depths:2 | Gained mutation: You occasionally lose the ability to drink
                  | potions when taking damage. [mutagenic glow]
 86836 | Depths:2 | Killed Vv
 87059 | Depths:2 | Lost mutation: You occasionally lose the ability to drink
                  | potions when taking damage. [potion of mutation]
 87059 | Depths:2 | Gained mutation: You are dopey. (Int -2) [potion of
                  | mutation]
 87060 | Depths:2 | Lost mutation: You are dopey. (Int -2) [potion of mutation]
 87060 | Depths:2 | Gained mutation: You are weak. (Str -2) [potion of
                  | mutation]
 87158 | Depths:2 | Found a one-way gate to the infinite horrors of the Abyss.
 87741 | Depths:2 | Reached skill level 13 in Ice Magic
 88104 | Depths:2 | Identified the +3 hand axe of Wias {elec, Str+4}
 88104 | Depths:2 | Identified the +3 scale mail of Doud {Stlth+}
 88200 | Depths:3 | Reached XP level 23. HP: 149/165 MP: 21/37
 90076 | Depths:3 | Reached skill level 14 in Ice Magic
 90400 | Depths:3 | Found a glowing golden altar of the Shining One.
 90910 | Depths:3 | Found Azanytou's Antique Weapon Shoppe.
 91219 | Depths:3 | Got the Anthology of Relocated Transmogrification
 91376 | Depths:4 | Entered Level 4 of the Depths
 91711 | Depths:4 | Learned a level 8 spell: Maxwell's Capacitive Coupling
 92873 | Depths:4 | Reached skill level 15 in Ice Magic
 93300 | Depths:4 | Noticed a golden dragon
 93301 | Depths:4 | Killed a golden dragon
 93598 | Depths:4 | Found a gate to the Realm of Zot.
 93959 | Depths:4 | Found a bloodstained altar of Trog.
 94467 | Depths:4 | Found a one-way gateway to a ziggurat.
 94714 | Depths:4 | Identified the orb "Loxim" {light, ^Contam rF+ Regen+}
 94714 | Depths:4 | Noticed Frederick
 94955 | Depths:4 | Killed Frederick
 95291 | Depths:4 | Noticed a juggernaut
 95303 | Depths:4 | Killed a juggernaut
 95304 | Depths:4 | Reached skill level 16 in Ice Magic
 96086 | Shoals:2 | Learned a level 8 spell: Ignition
 96116 | Shoals:2 | Killed Wecaes's ghost
 96290 | Shoals:2 | Learned a level 1 spell: Apportation
 96298 | Shoals:2 | Reached XP level 24. HP: 172/172 MP: 39/39
 96299 | Shoals:2 | Identified the +1 pair of gloves of the Forsaken Friends
                  | {rF+ Str+2 Dex-5}
 96303 | Shoals:2 | Identified the +0 cloak of Contentment {rC+ Will+}
 96662 | Slime:1  | Entered Level 1 of the Pits of Slime
 96675 | Slime:1  | Reached skill level 17 in Ice Magic
 96675 | Slime:1  | Reached XP level 25. HP: 168/177 MP: 10/39
 97667 | Slime:5  | Entered Level 5 of the Pits of Slime
 97674 | Slime:5  | Reached skill level 3 in Armour
 98083 | Slime:5  | Noticed the Royal Jelly
 98256 | Slime:4  | Paralysed by a formless jellyfish for 1 turns
100005 | Slime:5  | Killed the Royal Jelly
100489 | Slime:4  | shadowrider38: &rc scrunko
100489 | Slime:4  | beem:
                  | https://crawl.kelbi.org/crawl/rcfiles/crawl-0.31/Scrunko.rc
101143 | Slime:5  | Identified the +2 robe of Devotion {rElec Str+5 Dex+7}
102134 | Slime:5  | Identified the +1 helmet "Ykoecoxt" {Will+ SInv}
102152 | Slime:5  | Identified the +6 scale mail "Huarefai" {Str+2}
102170 | Slime:5  | Identified the staff "Pendulum" {+Blink Dex+5 Conj}
102186 | Slime:5  | Got the Papyrus of Geological Clouds
102187 | Slime:5  | Identified the +1 hand cannon of Fimbulwinter {freeze,
                  | Int+3}
102188 | Slime:5  | Identified the maw talisman "Jinleg" {Str+3}
102258 | Slime:5  | Got a slimy rune of Zot
102769 | Vaults:5 | Entered Level 5 of the Vaults
105269 | Vaults:5 | Identified the +1 ring mail "Lurow" {Fly Regen+ Dex-2
                  | Slay+3}
105608 | Vaults:5 | Reached XP level 26. HP: 139/181 MP: 29/40
106061 | Vaults:5 | Identified the +0 ring mail of Unreason {Rampage +Inv rC-
                  | Str+8}
106488 | Vaults:5 | Identified the +5 broad axe of Upuopnuu {flame, rPois rN+
                  | rCorr Dex-2}
107697 | Vaults:5 | Noticed an ancient lich
108141 | Vaults:5 | Killed an ancient lich
108791 | Vaults:5 | Got a silver rune of Zot
108814 | Vaults:5 | Reached skill level 15 in Shields
108814 | Vaults:5 | Reached XP level 27. HP: 190/190 MP: 40/40
108903 | Vaults:5 | Identified the +6 spear "Pus Viogo" {pain, *Noise Will+++
                  | Str+2 Dex+5}
109291 | Vaults:5 | Found Keragof's Assorted Antiques.
109303 | Vaults:5 | Bought a scroll of revelation for 202 gold pieces
109303 | Vaults:5 | Bought a scroll of blinking for 202 gold pieces
109303 | Vaults:5 | Bought a crude robe for 153 gold pieces
109303 | Vaults:5 | Identified the +2 robe "Cixt" {Harm *Corrode +Inv Dex-3}
                  | (You bought it in a shop on level 5 of the Vaults)
109669 | Vaults:5 | Identified the ring "Goumm" {+Blink rF+ Str+4}
109960 | Vaults:5 | Identified the ring of Liatze {rF++ rN+ Dex+3}
110143 | Vaults:5 | Identified the +5 mace of Charity {flame, rF++ rN+}
110487 | Vaults:5 | Identified the staff "Titahi" {rPois Int+5 Air Alchemy}
111681 | Depths:1 | Found Utteron's Self-Improvement Boutique.
111709 | Depths:1 | Found Raatafuf's Jewellery Shoppe.
111709 | Depths:1 | Found Qeeguoc's Book Boutique.
111710 | Depths:1 | Found Abuifroe's Book Boutique.
112036 | D:12     | Bought the Vellum of Freezing for 612 gold pieces
112179 | Depths:2 | Voluntarily entered the Abyss.
112180 | Abyss:2  | Found a corrupted altar of Lugonu.
112201 | Abyss:2  | Found a corrupted altar of Lugonu.
112201 | Abyss:2  | Found a corrupted altar of Lugonu.
112201 | Abyss:2  | Found a corrupted altar of Lugonu.
112243 | Abyss:2  | Learned a level 3 spell: Passwall
112253 | Abyss:2  | Learned a level 9 spell: Polar Vortex
112296 | Abyss:2  | Paralysed by accursed screaming for 1 turns
112342 | Abyss:2  | Paralysed by accursed screaming for 1 turns
112353 | Depths:2 | Escaped the Abyss
112457 | Depths:2 | Voluntarily entered the Abyss.
112984 | Abyss:3  | Got an abyssal rune of Zot
112989 | Depths:2 | Escaped the Abyss
113161 | Pan      | Entered Pandemonium
113212 | Depths:2 | Escaped Pandemonium
113609 | Zot:1    | Entered Level 1 of the Realm of Zot
113739 | Zot:1    | Reached skill level 18 in Ice Magic
114321 | Zot:1    | Gained mutation: Your magical capacity is low. (-10% MP)
                  | [mutagenic glow]
114347 | Zot:1    | Gained mutation: You do not regenerate when monsters are
                  | visible. [mutagenic glow]
114349 | Zot:1    | Lost mutation: Your magical capacity is low. (-10% MP)
                  | [potion of mutation]
114349 | Zot:1    | Lost mutation: You do not regenerate when monsters are
                  | visible. [potion of mutation]
114349 | Zot:1    | Lost mutation: You are weak. (Str -2) [potion of mutation]
114349 | Zot:1    | Gained mutation: You are clumsy. (Dex -2) [potion of
                  | mutation]
114349 | Zot:1    | Gained mutation: You have hidden genetic defects. [potion
                  | of mutation]
114349 | Zot:1    | Gained mutation: You are partially covered in iridescent
                  | scales. (AC +2) [potion of mutation]
114466 | Zot:2    | Found the +4 dragonskin cloak
114466 | Zot:2    | Noticed Tiamat
114470 | Zot:2    | Killed Tiamat
114477 | Zot:2    | Reached skill level 19 in Ice Magic
115511 | Zot:3    | Gained mutation: Your body sometimes deteriorates upon
                  | taking damage. [hidden defects]
115768 | Zot:4    | Reached skill level 20 in Ice Magic
116688 | Zot:5    | Entered Level 5 of the Realm of Zot
117815 | Zot:5    | Reached skill level 21 in Ice Magic
117977 | Zot:5    | Noticed an ancient lich
117977 | Zot:5    | Noticed a dread lich
117977 | Zot:5    | Noticed an orb of fire
117978 | Zot:5    | Noticed a dread lich
117978 | Zot:5    | Noticed an ancient lich
117979 | Zot:5    | Noticed a dread lich
117982 | Zot:5    | Noticed a dread lich
117985 | Zot:5    | Noticed an orb of fire
117989 | Zot:5    | Gained mutation: Potions are less effective at restoring
                  | your health. [an orb of fire]
117994 | Zot:5    | Got the Orb of Zot
117997 | Zot:5    | Noticed a seraph
118008 | Zot:5    | Gained mutation: Your spells are a little easier to cast,
                  | but a little less powerful. [hidden defects]
118008 | Zot:5    | Lost mutation: You have hidden genetic defects. [hidden
                  | defects expressed]
118205 | Depths:4 | Noticed Zongeaq the pandemonium lord
118214 | Depths:4 | Killed Zongeaq the pandemonium lord
118215 | Depths:4 | Gained mutation: Potions cannot restore your health.
                  | [mutagenic glow]
118233 | Depths:3 | Gained mutation: You have hidden genetic defects.
                  | [mutagenic glow]
118241 | Depths:3 | Gained mutation: Your body often deteriorates upon taking
                  | damage. [mutagenic glow]
118272 | Depths:3 | Lost mutation: You are clumsy. (Dex -2) [potion of
                  | mutation]
118272 | Depths:3 | Lost mutation: You are partially covered in iridescent
                  | scales. (AC +2) [potion of mutation]
118272 | Depths:3 | Lost mutation: Your spells are a little easier to cast, but
                  | a little less powerful. [potion of mutation]
118272 | Depths:3 | Gained mutation: You are agile. (Dex +4, Str/Int -1)
                  | [potion of mutation]
118273 | Depths:3 | Lost mutation: You have hidden genetic defects. [potion of
                  | mutation]
118273 | Depths:3 | Lost mutation: You are agile. (Dex +4, Str/Int -1) [potion
                  | of mutation]
118273 | Depths:3 | Lost mutation: Potions cannot restore your health. [potion
                  | of mutation]
118273 | Depths:3 | Gained mutation: You are weak. (Str -2) [potion of
                  | mutation]
118273 | Depths:3 | Gained mutation: You have a pair of small horns on your
                  | head. [potion of mutation]
118281 | Depths:2 | Lost mutation: Your body often deteriorates upon taking
                  | damage. [potion of mutation]
118281 | Depths:2 | Lost mutation: You are weak. (Str -2) [potion of mutation]
118281 | Depths:2 | Lost mutation: Your body sometimes deteriorates upon taking
                  | damage. [potion of mutation]
118281 | Depths:2 | Gained mutation: You are dopey. (Int -2) [potion of
                  | mutation]
118282 | Depths:2 | Lost mutation: You have a pair of small horns on your head.
                  | [potion of mutation]
118282 | Depths:2 | Lost mutation: Potions are less effective at restoring your
                  | health. [potion of mutation]
118282 | Depths:2 | Gained mutation: You occasionally lose the ability to drink
                  | potions when taking damage. [potion of mutation]
118282 | Depths:2 | Gained mutation: You possess an exceptional clarity of
                  | mind. [potion of mutation]
118283 | Depths:2 | Lost mutation: You occasionally lose the ability to drink
                  | potions when taking damage. [potion of mutation]
118283 | Depths:2 | Lost mutation: You are dopey. (Int -2) [potion of mutation]
118283 | Depths:2 | Lost mutation: You possess an exceptional clarity of mind.
                  | [potion of mutation]
118283 | Depths:2 | Gained mutation: You are frail. (-10% HP) [potion of
                  | mutation]
118283 | Depths:2 | Gained mutation: You do not regenerate when monsters are
                  | visible. [potion of mutation]
118284 | Depths:2 | Lost mutation: You do not regenerate when monsters are
                  | visible. [potion of mutation]
118284 | Depths:2 | Lost mutation: You are frail. (-10% HP) [potion of
                  | mutation]
118284 | Depths:2 | Gained mutation: You do not regenerate when monsters are
                  | visible. [potion of mutation]
118284 | Depths:2 | Gained mutation: You are partially covered in iridescent
                  | scales. (AC +2) [potion of mutation]
118284 | Depths:2 | Gained mutation: You are strong-willed. (Will+) [potion of
                  | mutation]
118600 | D:1      | Noticed Puddol the pandemonium lord
118609 | D:1      | Killed Puddol the pandemonium lord
118628 | D:1      | Gained mutation: You have a pair of small horns on your
                  | head. [mutagenic glow]
118681 | D:1      | Noticed Ecoeth the pandemonium lord
118695 | D:$      | Escaped with the Orb!

Illustrated notes

Levels and vault maps discovered:
D:1:      erik_arrival_cave_to_civilisation [erik_arrival_cave_to_temple],
          layout_loops_ring, ebering_ecumenical_altar_ruins
D:2:      layout_basic
D:3:      layout_basic, minmay_starry_boxes
D:4:      minmay_angry_zag, layout_gridville, kiku_gazebo_pond_becter
D:5:      layout_layer_cave, minmay_temple_entry_large_hall,
          serial_park_tiny_pond, minmay_chambers_of_fives
D:6:      layout_basic, vehumet_crystals, zin_scriptorium,
          chequers_serial_rivers_micro_b
D:7:      layout_loops_ring, mainiacjoe_overflow_catwalk
D:8:      lemuel_slime, layout_basic, mainiacjoe_overflow_concentric_impassable,
          okawaru_gym_becter, serial_shops, nicolae_shop_tiny_statue_garden
D:9:      layout_basic, erik_orc_4
D:10:     layout_roguey
D:11:     layout_gridville, grunt_lair_entry_orc_guard_hut,
          ebering_ghost_inner_flame
D:12:     layout_basic, gammafunk_ghost_berserking_beasts, nicolae_wwwww,
          nicolae_elemental_shop, uniq_sonja, uniq_rupert
D:13:     layout_cave_pools
D:14:     minmay_five_octagons, layout_basic, david_vaults_4,
          minmay_misc_feat_ornament, serial_shops, nicolae_shop_mannequins,
          uniq_snorg, uniq_nessos, uniq_frances
D:15:     grunt_enter_depths_magical_seal, layout_loops_cross, dk_noncrumbling_3
Temple:   nicolae_temple_bog_church
Lair:1:   layout_roguey, nicolae_volcano_entry_vermiform
Lair:2:   layout_gridlike, nicolae_quartered_pool_super
Lair:3:   layout_regular_city, elwin_shoals_entry_stream,
          guppyfry_snake_entry_garden, gauntlet_entry_generic,
          pdpol_lair_cavern_descent, grunt_megastairs_2,
          infiniplex_staircase_pool
Lair:4:   layout_roguey, chequers_serial_rivers_micro_a, grunt_megastairs_4
Lair:5:   guppyfry_lair_end_dragon, layout_hall_layers, slime_entry_1,
          grunt_megastairs_5
Shoals:1: layout_shoals, uniq_roxanne, uniq_louise
Shoals:2: layout_shoals, gammafunk_ghost_tricky_traps,
          nicolae_shoals_spring_well_temple, uniq_polyphemus
Shoals:3: layout_shoals, serial_shops, shop, nicolae_shop_rolling_square,
          yaktaur_hedge
Shoals:4: shoals_end_hellmonk_lost_city, uniq_donald
Snake:1:  layout_basic, serial_corexii_hall, chequers_hall_statues_corner_a,
          chequers_hall_statues_corner_a, corexii_hall_statues_i,
          corexii_hall_statues_i, corexii_hall_statues_i,
          chequers_hall_statues_corner_a, uniq_agnes
Snake:2:  layout_misc_corridors, gammafunk_ghost_grave
Snake:3:  layout_rooms, serial_shops, nicolae_lakefront_shop,
          nicolae_shop_firing_range, lemuel_fruit_tree, serial_bayou_shore_a
Snake:4:  grunt_snake_rune_pools, layout_grid_maze, serial_shops, shop,
          nicolae_triple_integral
Slime:1:  layout_caves
Slime:2:  layout_caves
Slime:3:  layout_caves
Slime:4:  layout_caves
Slime:5:  slime_pit_nicolae_amoeboid
Orc:1:    layout_caves
Orc:2:    st_orc_pillars, layout_caves, serial_shops, shop, uniq_jorgrun
Elf:1:    kennysheep_blocky_room, layout_loops_corners, minmay_elf_necromancy,
          drop_trap, uniq_kirke
Elf:2:    nicolae_elf_blades_crystal_corner, layout_gridlike, uniq_zenata
Elf:3:    elf_hall_gauntlet_wide, layout_geoelf_castle, serial_shops,
          nicolae_shop_tiny_glass, shop, nicolae_diamond_shop, shop,
          nicolae_shop_dealshenge, billiards_dpeg, uniq_saint_roka
Vaults:1: nicolae_vaults_wine_cellar, nicolae_vaults_storage_closets_2,
          vaults_room_semicircle, v_rooms_5, hangedman_vaults_stagger,
          nicolae_vaults_shelves_hall, hangedman_vaults_stretched_pinwheel,
          nicolae_vaults_mini_display_case, nicolae_vaults_specimen_jars,
          v_misc_18, nicolae_vaults_trapezoid_3, nicolae_vaults_angled_halls,
          layout_vaults_ring, nicolae_trove_entry_path_of_doom, uniq_aizul
Vaults:2: nicolae_vaults_trapezoid_layered, v_misc_18,
          nicolae_vaults_surprise_closet_hard, nicolae_vaults_layer_cake_slice,
          nicolae_vaults_apartment_1, ontoclasm_vaults_decontamination,
          nicolae_vaults_closet_pinwheel_4, layout_vaults_quadrants,
          serial_shops, shop, shop, nicolae_shop_peninsula, nicolae_shop_trees,
          nicolae_shop_behind_doors
Vaults:3: nicolae_vaults_closet_pinwheel_6, v_misc_25,
          minmay_crypt_entry_simple_sparse, nicolae_vaults_meiosis,
          nicolae_vaults_spaceships, v_alt_pattern_6,
          nicolae_vaults_sealed_display, nicolae_vaults_corpse_flower,
          v_rooms_6, nicolae_vaults_trapezoid_1,
          nicolae_vaults_little_squares_6, nicolae_vaults_oval_intersection,
          nicolae_vaults_double_plus_3, nicolae_vaults_tetromino_L_1,
          layout_vaults_omnibox, serial_shops, shop, uniq_asterion
Vaults:4: v_rooms_2, nicolae_vaults_swerve,
          nicolae_vaults_offset_grid_hallway_3, v_misc_32, st_squares,
          nicolae_vaults_rhombus_5, ontoclasm_vaults_ring_small,
          nicolae_vaults_steering_wheel, v_misc_12, v_misc_23,
          layout_vaults_maze
Vaults:5: serial_shops
Depths:1: layout_small_grid, hell_entry, serial_shops,
          nicolae_shop_bloodbath_and_beyond, nicolae_figureground_sparkle,
          nicolae_shop_self_help, minmay_shop_grove,
          infiniplex_staircase_pool_lava
Depths:2: minmay_the_grid_triangle_9x9_rhombus_thin_mashed
          [minmay_the_grid_triangle_9x9_intruding_spiral,
          minmay_the_grid_triangle_9x9_prize_top_heavy,
          minmay_the_grid_triangle_9x9_wacky_v,
          minmay_the_grid_triangle_9x9_sparse_checkered], layout_basic,
          hell_entry, rand_demon_pan_entry_3, abyss_entry,
          small_statue_intersection, serial_shops, shop_statue,
          nicolae_yredelemnul_ghost_church, infiniplex_staircase_zigzag_3,
          uniq_vv, uniq_sojobo
Depths:3: nzn_winding_woodlands_stair_trap [nzn_winding_woodlands_5x15_cabin,
          nzn_winding_woodlands_5x15_lazy_stream,
          nzn_winding_woodlands_5x15_sidewinder,
          nzn_winding_woodlands_15x15_thick_spiral,
          nzn_winding_woodlands_5x15_sawtooth,
          nzn_winding_woodlands_5x15_pathside_ponds,
          nzn_winding_woodlands_5x15_zeroes], layout_small_grid, serial_shops,
          shop, nicolae_tso_carved_into_rock, minmay_room_of_horrors,
          hell_entry, infiniplex_staircase_zigzag_2
Depths:4: grunt_zot_entry_hairpin, layout_gridville, enter_ziggurat_d,
          bloody_trog, grunt_mini_vestibule, uniq_frederick
Zot:1:    layout_basic
Zot:2:    nicolae_moth_party, layout_onion, guppyfry_library_mini, uniq_tiamat
Zot:3:    layout_gridlike, regret_index_zotdec_banners
Zot:4:    lemuel_acid_trip, layout_onion_interference, lemuel_baited_zot_trap
Zot:5:    layout_cellular_growth, grunt_ministairs_8

Skill      XL: |  1  2  3  4  5  6  7  8  9 10 11 12 13 14 15 16 17 18 19 20 21 22 23 24 25 26 27 |
---------------+----------------------------------------------------------------------------------+-----
Conjurations   | 5 6 7 10 11 12 13 15 | 15.0
Fighting       | 1 2 4 5 8 9 10 | 10.0
Spellcasting   | 3 4 5 6 8 9 10 12 13 | 13.0
Alchemy        | 2 5 7 8 10 12 | 12.1
Summonings     | 5 7 10 11 12 14 15 | 15.0
Air Magic      | 5 7 8 12 15 16 | 16.2
Shields        | 2 4 5 8 12 15 17 | 17.0
Hexes          | 4 9 12 | 12.0
Evocations     | 5 7 8 |  8.0
Dodging        | 5 8 |  8.0
Fire Magic     | 4 11 13 15 18 19 20 | 20.0
Ice Magic      | 3 13 16 17 21 | 21.9
Armour         | 4 |  4.0
Stealth        | |  2.0

Action                     |  1- 3 |  4- 6 |  7- 9 | 10-12 | 13-15 | 16-18 | 19-21 | 22-24 | 25-27 || total
---------------------------+-------+-------+-------+-------+-------+-------+-------+-------+-------++-------
  Melee: Unarmed           |     7 |       |       |       |       |       |       |       |       ||     7
         Dagger            |     1 |       |       |       |       |       |       |       |       ||     1
         Short sword       |     7 |       |       |       |       |       |       |       |       ||     7
         Whip              |       |    22 |       |       |       |       |       |       |       ||    22
         Staff             |       |       |       |    14 |    24 |    29 |    47 |    26 |    51 ||   191
  Throw: Dart              |       |       |       |     1 |       |     1 |       |     1 |       ||     3
   Cast: Magic Dart        |    61 |    52 |     1 |     1 |       |       |       |       |       ||   115
         Searing Ray       |     9 |    27 |    63 |    83 |    17 |     5 |       |       |       ||   204
         Fulminant Prism   |       |     1 |    14 |     8 |     1 |     1 |       |       |       ||    25
         Summon Lightning  |       |       |       |    75 |   212 |   166 |    63 |    13 |       ||   529
         Summon Mana Viper |       |       |       |    22 |   215 |   176 |    63 |    13 |    20 ||   509
         Cause Fear        |       |       |       |       |    18 |     5 |     4 |       |       ||    27
         Irradiate         |       |       |       |       |     6 |    72 |   118 |   102 |   144 ||   442
         Starburst         |       |       |       |       |       |   195 |   427 |   163 |    24 ||   809
         Plasma Beam       |       |       |       |       |       |       |     6 |   147 |   305 ||   458
         Ozocubu's Refrige |       |       |       |       |       |       |       |     4 |    41 ||    45
         Maxwell's Capacit |       |       |       |       |       |       |       |     3 |    13 ||    16
         Ignition          |       |       |       |       |       |       |       |     1 |    20 ||    21
         Apportation       |       |       |       |       |       |       |       |     1 |       ||     1
         Polar Vortex      |       |       |       |       |       |       |       |       |    20 ||    20
         Passwall          |       |       |       |       |       |       |       |       |    16 ||    16
 Invoke: Potion Petition   |       |       |       |       |       |       |     2 |     2 |    16 ||    20
         Bribe Branch      |       |       |       |       |       |       |       |       |     3 ||     3
  Evoke: Wand              |       |       |       |     3 |     5 |       |    17 |    15 |    15 ||    55
         Box of beasts     |       |       |       |       |       |     1 |       |     1 |     2 ||     4
         Phial of floods   |       |       |       |       |       |       |       |     1 |       ||     1
         Phantom mirror    |       |       |       |       |       |       |       |     1 |       ||     1
    Use: Scroll            |     2 |     9 |     6 |     8 |     7 |    10 |     6 |    10 |    27 ||    85
         Potion            |       |     1 |       |     2 |     7 |     6 |     1 |     9 |    19 ||    45
   Stab: Sleeping          |     1 |       |       |       |       |       |       |       |       ||     1
         Distracted        |       |       |       |       |     4 |     1 |       |       |       ||     5
         Betrayed ally     |       |       |       |       |     2 |       |       |       |       ||     2
 Armour: Robe              |    12 |       |       |       |       |     6 |   215 |   140 |   294 ||   667
         Leather armour    |     5 |    28 |    60 |   121 |   266 |   376 |   168 |   108 |   102 ||  1234
  Dodge: Dodged            |    14 |    30 |    34 |    81 |   307 |   497 |   287 |   111 |   230 ||  1591
         Repelled          |       |       |       |       |       |     7 |    17 |     5 |       ||    29
  Block: Buckler           |       |       |       |    23 |   107 |   174 |   100 |       |       ||   404
         Reflection        |       |       |       |       |       |       |    46 |    26 |    34 ||   106
         Kite shield       |       |       |       |       |       |       |   255 |   260 |   517 ||  1032
